[Event "*** Titled Tuesday Blitz"]
[Site "Chess.com"]
[Date "2019.06.04"]
[Round "1"]
[White "1g41-0"]
[Black "mishanick"]
[Result "0-1"]
[WhiteElo "2499"]
[BlackElo "3020"]
[TimeControl "180+2"]
[EndTime "13:02:05 PDT"]
[Termination "mishanick won by resignation"]

1. e4 c5 2. Nf3 d6 3. d4 cxd4 4. Nxd4 Nf6 5. Nc3 a6 6. Bg5 Nbd7 7. Bc4 Qb6 8. Bb3 e6 9. Qd2 Be7 10. O-O-O Nc5 11. f3 Bd7 12. g4 Qc7 13. Be3 b5 14. a3 Rb8 15. g5 Nh5 16. Kb1 a5 17. Nf5 exf5 18. Nd5 Qd8 19. exf5 Nxb3 20. cxb3 Bxf5+ 21. Ka2 O-O 22. Rhe1 Be6 23. f4 Re8 24. Qe2 g6 25.
Bd4 Bxd5 26. f5 0-1

[Event "*** Titled Tuesday Blitz"]
[Site "Chess.com"]
[Date "2019.06.04"]
[Round "1"]
[White "Gentlejimmy7"]
[Black "Zhuu96"]
[Result "0-1"]
[WhiteElo "2498"]
[BlackElo "2956"]
[TimeControl "180+2"]
[EndTime "13:02:08 PDT"]
[Termination "Zhuu96 won by resignation"]

1. d4 Nf6 2. Nf3 c5 3. dxc5 e6 4. c4 Bxc5 5. g3 b6 6. Bg2 Bb7 7. O-O O-O 8. Nc3 a6 9. b3 Nc6 10. Bb2 Ne7 11. Qd2 d5 12. cxd5 Nexd5 13. Nxd5 Bxd5 14. Rfd1 Ne4 15. Qf4 Nxf2 16. Rd4 Bxf3 17. Bxf3 Nh3+ 0-1

[Event "*** Titled Tuesday Blitz"]
[Site "Chess.com"]
[Date "2019.06.04"]
[Round "1"]
[White "Tjktiger"]
[Black "slowdgehammer"]
[Result "1-0"]
[WhiteElo "2730"]
[BlackElo "2376"]
[TimeControl "180+2"]
[EndTime "13:02:16 PDT"]
[Termination "Tjktiger won by resignation"]

1. c4 Nf6 2. Nc3 e6 3. e4 d5 4. cxd5 exd5 5. e5 d4 6. exf6 dxc3 7. Bb5+ c6 8. Qe2+ Be6 9. Bc4 Qxf6 10. dxc3 Bc5 11. Bxe6 fxe6 12. Nf3 Nd7 13. O-O O-O 14. Be3 Rae8 15. Rad1 Bb6 16. Rxd7 1-0

[Event "*** Titled Tuesday Blitz"]
[Site "Chess.com"]
[Date "2019.06.04"]
[Round "1"]
[White "fastestmindalive"]
[Black "chessturk1"]
[Result "1-0"]
[WhiteElo "2805"]
[BlackElo "2428"]
[TimeControl "180+2"]
[EndTime "13:02:21 PDT"]
[Termination "fastestmindalive won by resignation"]

1. e4 c5 2. Nf3 e6 3. d4 cxd4 4. Nxd4 a6 5. c4 Qc7 6. Nc3 Nc6 7. Be2 Nge7 8. O-O Nxd4 9. Qxd4 Nc6 10. Qe3 Bd6 11. f4 b6 12. Qg3 O-O 13. Kh1 Bb7 14. b3 Nd4 15. Bb2 Nxe2 16. Nxe2 f6 17. Nc3 f5 18. Nd5 1-0

[Event "*** Titled Tuesday Blitz"]
[Site "Chess.com"]
[Date "2019.06.04"]
[Round "1"]
[White "DiamondCrusher22"]
[Black "velemajstor767276"]
[Result "0-1"]
[WhiteElo "1916"]
[BlackElo "2508"]
[TimeControl "180+2"]
[EndTime "13:02:59 PDT"]
[Termination "velemajstor767276 won by resignation"]

1. e4 e6 2. d4 d5 3. Nd2 Nf6 4. e5 Nfd7 5. Bd3 c5 6. c3 Nc6 7. Ne2 cxd4 8. cxd4 f6 9. exf6 Nxf6 10. Nf3 Bd6 11. Bf4 Bxf4 12. Nxf4 O-O 13. Qd2 Ne4 14.
Qe3 Qd6 15. Bxe4 dxe4 16. Ne5 Nxd4 17. Qxe4 Qb4+ 18. Kd1 Qxb2 19. Rb1 Qxa2 0-1

[Event "*** Titled Tuesday Blitz"]
[Site "Chess.com"]
[Date "2019.06.04"]
[Round "1"]
[White "raviteja81293"]
[Black "lexiel"]
[Result "1-0"]
[WhiteElo "2580"]
[BlackElo "2197"]
[TimeControl "180+2"]
[EndTime "13:03:18 PDT"]
[Termination "raviteja81293 won by resignation"]

1. d4 d6 2. Nf3 Nf6 3. g3 Bf5 4. Bg2 c6 5. O-O h6 6. c4 Nbd7 7. Nc3 e5 8. Re1 Qc7 9. e4 Bh7 10. h3 Be7 11. Nh4 O-O 12. Nf5 Bxf5 13. exf5 Rfe8 14. Be3 exd4 15. Bxd4 Ne5 16. b3 Qa5 17.
Qc2 Rad8 18. Rad1 Bf8 19. g4 Nh7 20. Kh1 a6 21. Ne2 b5 22. f4 c5 23. Bc3 b4 24.
fxe5 bxc3 25. e6 fxe6 26. fxe6 Nf6 27. Nxc3 Qc7 28. Nd5 Nxd5 29. Bxd5 Be7 30. Rf1 Rf8 31.
Rf7 Rxf7 32. exf7+ Kh8 33. Qg6 Qa5 34. Be4 1-0

[Event "*** Titled Tuesday Blitz"]
[Site "Chess.com"]
[Date "2019.06.04"]
[Round "1"]
[White "Ruchess27"]
[Black "francyIM"]
[Result "1/2-1/2"]
[WhiteElo "2246"]
[BlackElo "2595"]
[TimeControl "180+2"]
[EndTime "13:03:35 PDT"]
[Termination "Game drawn by repetition"]

1. d4 Nf6 2. Nf3 e6 3. g3 d5 4. Bg2 Be7 5. O-O O-O 6. b3 b6 7. Bb2 Bb7 8. Nbd2 c5 9. e3 Nc6 10. c4 dxc4 11. Nxc4 cxd4 12. Nxd4 Qc8 13. Rc1 Bc5 14.
Nxc6 Bxc6 15. Bxc6 Qxc6 16. Bxf6 gxf6 17. Qg4+ Kh8 18.
Qh4 Be7 19. Ne5 Qd5 20. Nc6 Bd8 21. Nxd8 Qxd8 22. Rfd1 Qe7 23. Rc7 Qxc7 24. Qxf6+ Kg8 25. Qg5+ Kh8 26. Qf6+ Kg8 27. Qg5+ Kh8 28. Qf6+ 1/2-1/2

[Event "*** Titled Tuesday Blitz"]
[Site "Chess.com"]
[Date "2019.06.04"]
[Round "1"]
[White "LuckIsMySkill"]
[Black "MathiasWomacka"]
[Result "1-0"]
[WhiteElo "2646"]
[BlackElo "2291"]
[TimeControl "180+2"]
[EndTime "13:03:58 PDT"]
[Termination "LuckIsMySkill won by resignation"]

1. Nf3 c5 2. g3 Nc6 3. Bg2 e5 4. O-O g6 5. Nc3 Bg7 6. a3 Nge7 7. b4 cxb4 8. axb4 Nxb4 9. Ba3 Nec6 10. Nb5 e4 11.
Nd6+ Kf8 12. Nxe4 d5 13. Nc5 Bxa1 14. Qxa1 Kg8 15. Bb2 d4 16. c3 Nd5 17. Nxd4 Nxd4 18.
cxd4 b6 19. e4 bxc5 20. dxc5 f6 21. exd5 Kg7 22. d6 Rb8 23. Qxa7+ Bd7 24. Bc3 1-0

[Event "*** Titled Tuesday Blitz"]
[Site "Chess.com"]
[Date "2019.06.04"]
[Round "1"]
[White "catalin009"]
[Black "Alexander_Moskalenko"]
[Result "0-1"]
[WhiteElo "2482"]
[BlackElo "2900"]
[TimeControl "180+2"]
[EndTime "13:04:12 PDT"]
[Termination "Alexander_Moskalenko won by resignation"]

1. Nf3 c5 2. g3 g6 3. Bg2 Bg7 4.
O-O Nc6 5. e4 Nf6 6. d3 O-O 7.
Nbd2 d5 8. Re1 e6 9. c3 b6 10. e5 Nd7 11. d4 a5 12. Nf1 Ba6 13. Ne3 cxd4 14. cxd4 Nb4 15. Bf1 Bxf1 16. Kxf1 f6 17. a3 Nc6 18. exf6 Qxf6 19. Kg2 Nxd4 20. Nxd4 Qxd4 21.
Qe2 Nc5 22. Nc2 Qc4 23. Rb1 Nd3 24. Ne3 Nxe1+ 25. Qxe1 Qe4+ 26. Kg1 Qxb1 0-1

[Event "*** Titled Tuesday Blitz"]
[Site "Chess.com"]
[Date "2019.06.04"]
[Round "1"]
[White "LoinOfTheNorth"]
[Black "Eliwood44"]
[Result "1-0"]
[WhiteElo "2680"]
[BlackElo "2344"]
[TimeControl "180+2"]
[EndTime "13:04:15 PDT"]
[Termination "LoinOfTheNorth won by resignation"]

1. d4 d5 2. c4 e6 3. Nf3 Nf6 4. g3 Be7 5. Bg2 O-O 6. Nc3 dxc4 7. Ne5 c5 8. dxc5 Qxd1+ 9. Nxd1 Bxc5 10. O-O Nc6 11.
Bxc6 bxc6 12. Be3 Bxe3 13. Nxe3 Rb8 14. N3xc4 Ba6 15. b3 Bxc4 16. Nxc4 Nd5 17. f3 f5 18.
Kf2 f4 19. Rfc1 Rf5 20. g4 Rff8 21. Ne5 Nb4 22. Nd7 Rbd8 23. Nxf8 Kxf8 24. Rd1 Re8 25. a3 Nd5 26. Rac1 Rc8 27. Rd4 Ke7 28. Rdc4 Kd6 29. b4 g5 30. h4 h6 31. hxg5 hxg5 32.
Rh1 a5 33. bxa5 Ra8 34. Rh5 Rxa5 35. a4 Ne3 36. Rxf4 Nd1+ 37. Ke1 Nc3 38. Rd4+ Kc7 39.
f4 e5 40. Rxg5 1-0

[Event "*** Titled Tuesday Blitz"]
[Site "Chess.com"]
[Date "2019.06.04"]
[Round "1"]
[White "Komissarov_alex"]
[Black "jk13"]
[Result "0-1"]
[WhiteElo "2105"]
[BlackElo "2540"]
[TimeControl "180+2"]
[EndTime "13:04:20 PDT"]
[Termination "jk13 won by resignation"]

1. d4 Nf6 2. Bf4 e6 3. e3 d5 4. Nd2 Bd6 5. Bg3 O-O 6. Ngf3 b6 7. Ne5 Ba6 8. Nc6 Qe8 9. Nxb8 Bxf1 10. Nxf1 Rxb8 11. Nd2 Qb5 12. b3 Bb4 13. Qe2 Qa5 14. f3 Rbc8 15. a3 Bc3 16. Ra2 c5 17. Kd1 cxd4 18. b4 Qa4 19. Be5 d3 0-1

[Event "*** Titled Tuesday Blitz"]
[Site "Chess.com"]
[Date "2019.06.04"]
[Round "1"]
[White "penguingm1"]
[Black "SloLev"]
[Result "1-0"]
[WhiteElo "2919"]
[BlackElo "2487"]
[TimeControl "180+2"]
[EndTime "13:04:21 PDT"]
[Termination "penguingm1 won by resignation"]

1. d4 Nf6 2. c4 e6 3. Nc3 d5 4.
cxd5 exd5 5. Bg5 c6 6. e3 Bf5 7. Qf3 Bg6 8. Bxf6 Qxf6 9. Qxf6 gxf6 10. h4 h6 11. h5 Bh7 12. Kd2 Nd7 13. Bd3 Nb6 14.
Nge2 Bd6 15. Rag1 Kd7 16. b3 Rac8 17. g4 Bxd3 18. Kxd3 Rhg8 19. f3 a6 20. Ng3 Bxg3 21. Rxg3 Ke6 22. Rhg1 Nd7 23. Ne2 c5 24. dxc5 Rxc5 25.
Nd4+ Kd6 26. Nf5+ Kc6 27. Ne7+ 1-0

[Event "*** Titled Tuesday Blitz"]
[Site "Chess.com"]
[Date "2019.06.04"]
[Round "1"]
[White "bugsbunny444"]
[Black "jefferyx"]
[Result "1-0"]
[WhiteElo "2502"]
[BlackElo "2891"]
[TimeControl "180+2"]
[EndTime "13:04:29 PDT"]
[Termination "bugsbunny444 won by resignation"]

1. Nf3 d5 2. c4 d4 3. b4 Bg4 4.
d3 e6 5. a3 a5 6. b5 Nf6 7. g3 Bxf3 8. exf3 a4 9. Bg2 Nbd7 10.
Bd2 Nc5 11. Bb4 Nb3 12. Ra2 Bxb4+ 13. axb4 Qe7 14. Qxb3 axb3 15. Rxa8+ Kd7 16. Rxh8 Qxb4+ 17. Ke2 Qa4 18. Nd2 b2 19. Rb1 Qa2 20. f4 Ke7 21. Bxb7 Nd7 22. Ra8 1-0

[Event "*** Titled Tuesday Blitz"]
[Site "Chess.com"]
[Date "2019.06.04"]
[Round "1"]
[White "TBergh98"]
[Black "johnathan113"]
[Result "1-0"]
[WhiteElo "2418"]
[BlackElo "2743"]
[TimeControl "180+2"]
[EndTime "13:04:30 PDT"]
[Termination "TBergh98 won by resignation"]

1. d4 Nf6 2. Bg5 Ne4 3. Bf4 c5 4. f3 Nf6 5. d5 e6 6. Nc3 Nh5 7. Bc1 Bd6 8. Nh3 O-O 9. e4 Be5 10.
Bc4 exd5 11. Nxd5 b5 12. Be2 d6 13. O-O Bxh3 14. gxh3 Nc6 15. Kh1 Nf6 16. Rg1 Nxd5 17. Qxd5 Nd4 18. Bd1 Qh4 19. c3 Qxh3 20. Rg2 Nxf3 21.
Bxf3 Qxf3 22. Bh6 Rfe8 23. Re1 Re6 24. Qxa8+ 1-0

[Event "*** Titled Tuesday Blitz"]
[Site "Chess.com"]
[Date "2019.06.04"]
[Round "1"]
[White "2165149677570"]
[Black "Ambitiousresolutions"]
[Result "0-1"]
[WhiteElo "2228"]
[BlackElo "2585"]
[TimeControl "180+2"]
[EndTime "13:04:30 PDT"]
[Termination "Ambitiousresolutions won by resignation"]

1. e4 e5 2. Nf3 Nc6 3. Bb5 a6 4. Ba4 Nf6 5. O-O b5 6. Bb3 Bc5 7. c3 d6 8. d4 Bb6 9. dxe5 Nxe5 10. Nxe5 dxe5 11. Qxd8+ Kxd8 12. Bxf7 Rf8 13. Bb3 Nxe4 14. Be3 Bxe3 15. fxe3 Rxf1+ 16. Kxf1 Bb7 17. Ke2 Ke7 18. a4 Rf8 19. axb5 Rf2+ 20. Ke1 axb5 21. Ra7 Bc6 22. Rxc7+ Kd6 23. Rxg7 Rxb2 24. Rxh7 Rxb1+ 25. Bd1 Nxc3 26. Kd2 Nxd1 0-1

[Event "*** Titled Tuesday Blitz"]
[Site "Chess.com"]
[Date "2019.06.04"]
[Round "1"]
[White "Fighter008"]
[Black "guillembaches"]
[Result "1-0"]
[WhiteElo "2648"]
[BlackElo "2300"]
[TimeControl "180+2"]
[EndTime "13:04:35 PDT"]
[Termination "Fighter008 won by resignation"]

1. Nf3 Nf6 2. g3 d5 3. Bg2 e6 4.
O-O Be7 5. d3 O-O 6. Nbd2 c5 7.
b3 Nc6 8. Bb2 b5 9. a4 b4 10. e4 dxe4 11. dxe4 Ba6 12. Re1 Nd7 13.
Bf1 Bxf1 14. Rxf1 Na5 15. Qe2 Nb6 16. Rad1 Qc7 17. e5 c4 18. Ne4 cxb3 19. cxb3 Nxb3 20. Nf6+ Bxf6 21. exf6 Qc4 22. Qe3 h6 23. fxg7 1-0

[Event "*** Titled Tuesday Blitz"]
[Site "Chess.com"]
[Date "2019.06.04"]
[Round "1"]
[White "orrbaverlekszarnyon"]
[Black "vlad10898"]
[Result "0-1"]
[WhiteElo "2247"]
[BlackElo "2614"]
[TimeControl "180+2"]
[EndTime "13:04:51 PDT"]
[Termination "vlad10898 won by resignation"]

1. e4 c5 2. Nf3 d6 3. d4 cxd4 4. Nxd4 Nf6 5. Nc3 a6 6. h3 e5 7. Nde2 b5 8. g4 b4 9. Nd5 Nxd5 10. exd5 h5 11. g5 h4 12. Be3 a5 13. Qd2 Be7 14. Rg1 Bf5 15. f4 Nd7 16. fxe5 Nxe5 17. Nd4 Rc8 18. Nxf5 Nf3+ 19. Kd1 Nxd2 20. Bxd2 g6 21.
Nd4 Rc5 22. Bd3 Rxd5 23. Nc6 Qc7 24. Nxe7 Qxe7 25. Re1 Re5 26. Bb5+ Kf8 27. Rf1 Rxb5 0-1

[Event "*** Titled Tuesday Blitz"]
[Site "Chess.com"]
[Date "2019.06.04"]
[Round "1"]
[White "Angry_Twin"]
[Black "Yeritsyan_Aram"]
[Result "1-0"]
[WhiteElo "2792"]
[BlackElo "2423"]
[TimeControl "180+2"]
[EndTime "13:04:53 PDT"]
[Termination "Angry_Twin won by resignation"]

1. e4 e5 2. Nf3 Nc6 3. Bc4 Bc5 4. c3 Nf6 5. d3 d6 6. O-O a6 7. a4 O-O 8. h3 Ba7 9. Nbd2 Ne7 10. Re1 Ng6 11. Nf1 c6 12. Bb3 Be6 13. Bc2 Re8 14.
d4 Qc7 15. Ng3 Rad8 16. Be3 exd4 17. Nxd4 Bc8 18. a5 Qb8 19. Bb3 d5 20. exd5 Nxd5 21. Bxd5 cxd5 22. Ndf5 Bxe3 23. Nxe3 Qf4 24. Ra4 Qg5 25.
Rd4 Nf4 26. Qf3 Be6 27. Qxf4 1-0

[Event "*** Titled Tuesday Blitz"]
[Site "Chess.com"]
[Date "2019.06.04"]
[Round "1"]
[White "Zarikovs1999"]
[Black "Simoncelli15"]
[Result "1-0"]
[WhiteElo "2627"]
[BlackElo "2266"]
[TimeControl "180+2"]
[EndTime "13:05:06 PDT"]
[Termination "Zarikovs1999 won by resignation"]

1. e4 e6 2. d4 d5 3. Bd3 dxe4 4. Bxe4 Nf6 5. Bf3 c5 6. Ne2 Nc6 7. Be3 cxd4 8. Nxd4 Ne5 9. O-O a6 10. Nc3 Bd6 11. Bg5 h6 12. Bf4 O-O 13. Bg3 Qe7 14.
Re1 Nxf3+ 15. Qxf3 Rd8 16. Nf5 exf5 17. Rxe7 Bxe7 18. Re1 Bf8 19. Be5 Re8 20. Re2 Ng4 21. Bd4 Rxe2 22. Qxe2 Be6 23. h3 Rd8 24. Bb6 1-0

[Event "*** Titled Tuesday Blitz"]
[Site "Chess.com"]
[Date "2019.06.04"]
[Round "1"]
[White "pheonixking2000"]
[Black "BigAl"]
[Result "1-0"]
[WhiteElo "2718"]
[BlackElo "2366"]
[TimeControl "180+2"]
[EndTime "13:05:08 PDT"]
[Termination "pheonixking2000 won by resignation"]

1. e4 c5 2. Nf3 e6 3. d4 cxd4 4. Nxd4 a6 5. c4 Qc7 6. Nc3 Nf6 7. Bd3 Nc6 8. Nxc6 dxc6 9. O-O e5 10. h3 Be6 11.
Be3 Ke7 12. Rc1 Qd7 13. Na4 Rd8 14. Nc5 Qc8 15. Qb3 Bxh3 16. gxh3 Qxh3 17. Qxb7+ Nd7 18. Rfd1 Kf6 19. Qxc6+ Ke7 20. Bf1 Qg4+ 21. Bg2 h5 22.
Rxd7+ Rxd7 23. Qxd7+ Qxd7 24. Nxd7 Kxd7 25. c5 Kc6 26. b4 h4 27. Bf1 Be7 28. a4 h3 29.
b5+ axb5 30. axb5+ Kc7 31. c6 f5 32. b6+ Kd6 33. exf5 e4 34. c7 1-0

[Event "*** Titled Tuesday Blitz"]
[Site "Chess.com"]
[Date "2019.06.04"]
[Round "1"]
[White "Jabberwockiez"]
[Black "ulises2013"]
[Result "0-1"]
[WhiteElo "2218"]
[BlackElo "2585"]
[TimeControl "180+2"]
[EndTime "13:05:09 PDT"]
[Termination "ulises2013 won by resignation"]

1. e4 g6 2. d4 Bg7 3. Nf3 c5 4. c3 cxd4 5. cxd4 d5 6. e5 Bg4 7. Nc3 Nc6 8. Be2 Nh6 9. O-O Nf5 10. Be3 O-O 11. h3 Bxf3 12. Bxf3 e6 13. Qd2 f6 14.
exf6 Qxf6 15. Nb5 a6 16. Bg5 Qf7 17. Nc3 Ncxd4 18. Bg4 Rac8 19. Rad1 Kh8 20. Rfe1 b5 21. Ne2 Rc2 22. Qd3 Nxe2+ 23. Rxe2 Rxb2 24. Rxb2 Bxb2 25. Bxf5 Qxf5 26. Bh6 Qxd3 27. Rxd3 Rc8 28. Rd2 Bg7 29. Bxg7+ Kxg7 30. Re2 Kf6 31. f4 Rc3 32. Kf2 h5 33. g4 Rxh3 34. g5+ Ke7 35. Kg2 Ra3 36. f5 gxf5 37. g6 Kf6 38. g7 Kxg7 39. Rxe6 Rxa2+ 40. Kf3 b4 41. Rb6 a5 42. Rb5 h4 43. Rxd5 h3 44. Rxf5 h2 45. Rh5 b3 46. Ke3 b2 47. Rxh2 b1=Q 0-1

[Event "*** Titled Tuesday Blitz"]
[Site "Chess.com"]
[Date "2019.06.04"]
[Round "1"]
[White "igorkovalenko"]
[Black "NicoChasin"]
[Result "1-0"]
[WhiteElo "2881"]
[BlackElo "2468"]
[TimeControl "180+2"]
[EndTime "13:05:16 PDT"]
[Termination "igorkovalenko won by resignation"]

1. c4 e5 2. g3 Nf6 3. Bg2 d5 4.
cxd5 Nxd5 5. Nc3 Nxc3 6. bxc3 c6 7. Nf3 Bd6 8. O-O O-O 9. e4 Nd7 10. d4 Qe7 11. Re1 Rd8 12. Bg5 f6 13. Be3 Qf7 14. Qc2 b6 15. a4 Ba6 16. Nh4 g6 17. Nf3 Bc4 18. Nd2 Be6 19. f4 exf4 20. gxf4 c5 21.
d5 Bg4 22. h3 Bh5 23. c4 Re8 24. Rf1 Qg7 25. Rae1 g5 26. Kh2 Qh6 27. e5 fxe5 28.
fxg5 Qg7 29. Ne4 Bg6 30. Qe2 Bxe4 31. Bxe4 Rf8 32. Qg4 Qe7 33. h4 Rxf1 34. Rxf1 Rf8 35. Rxf8+ Nxf8 36. h5 Qd7 37. Qxd7 Nxd7 38. Kh3 Kg7 39. Kg4 Nb8 40. Kf5 Kf7 41. g6+ hxg6+ 42. hxg6+ Ke7 43. Bg5+ Kf8 44. Ke6 1-0

[Event "*** Titled Tuesday Blitz"]
[Site "Chess.com"]
[Date "2019.06.04"]
[Round "1"]
[White "Swarnapuri"]
[Black "VFernandezB"]
[Result "1-0"]
[WhiteElo "2706"]
[BlackElo "2357"]
[TimeControl "180+2"]
[EndTime "13:05:16 PDT"]
[Termination "Swarnapuri won by resignation"]

1. d4 Nf6 2. Bf4 e6 3. e3 d5 4. Nd2 Bd6 5. Bg3 c5 6. c3 Nc6 7. Ngf3 O-O 8. Bb5 Ne7 9. Bd3 Nf5 10. Bxf5 exf5 11. Bxd6 Qxd6 12. dxc5 Qxc5 13. O-O Be6 14.
Qa4 Ne4 15. Rad1 Rfc8 16. Nd4 a6 17. Qb3 b5 18. Nxe4 fxe4 19. Rd2 Qc4 20. Qa3 Qc5 21.
Qa5 Qc7 22. Qb4 Qc5 23. a3 Rc7 24. Qb3 Rac8 25. Ne2 Qc4 26. Qd1 Bg4 27. Re1 Rc5 28. h3 Bxe2 29. Rexe2 a5 30. Rd4 Qa2 31. b4 Qxe2 32.
Qxe2 Rxc3 33. Qxb5 axb4 34. axb4 1-0

[Event "*** Titled Tuesday Blitz"]
[Site "Chess.com"]
[Date "2019.06.04"]
[Round "1"]
[White "ellennilssen"]
[Black "swayamsm"]
[Result "1-0"]
[WhiteElo "2009"]
[BlackElo "2485"]
[TimeControl "180+2"]
[EndTime "13:05:25 PDT"]
[Termination "ellennilssen won by resignation"]

1. d4 Nf6 2. c4 b6 3. Nc3 Bb7 4. Nf3 e6 5. a3 d5 6. cxd5 Nxd5 7.
e4 Nxc3 8. bxc3 Bxe4 9. Ne5 Bd6 10. Qg4 Bg6 11. Bb5+ Kf8 12. Bg5 f6 13. Qxe6 fxg5 14. O-O c6 15. f4 g4 16. Bxc6 Nxc6 17. Nd7+ Qxd7 18. Qxd7 Rd8 19. Qxc6 Bf5 20. Rae1 g6 21. Re3 Kg7 22. Rfe1 Bxf4 23. Re8 Rhxe8 24. Rxe8 Bd7 25. Re7+ 1-0

[Event "*** Titled Tuesday Blitz"]
[Site "Chess.com"]
[Date "2019.06.04"]
[Round "1"]
[White "Quiet_Desperation"]
[Black "spicycaterpillar"]
[Result "0-1"]
[WhiteElo "2441"]
[BlackElo "2840"]
[TimeControl "180+2"]
[EndTime "13:05:26 PDT"]
[Termination "spicycaterpillar won by resignation"]

1. e4 c5 2. Nf3 d6 3. d4 cxd4 4. Nxd4 Nf6 5. Nc3 a6 6. Be3 e5 7. Nb3 Be6 8. f3 Nbd7 9. Qd2 h5 10. O-O-O b5 11. Kb1 Nb6 12. Bxb6 Qxb6 13. Nd5 Bxd5 14.
exd5 a5 15. Nc1 Be7 16. h4 b4 17. Be2 a4 18. Bf1 O-O 19. g4 hxg4 20. h5 gxf3 21. h6 g6 22. Bd3 e4 23. Rdg1 Kh7 24. Bc4 Rfc8 25. b3 axb3 26. Bxb3 Rc3 27. Qf4 Qe3 28. Qh4 Nxd5 29. Qh3 Rxb3+ 0-1

[Event "*** Titled Tuesday Blitz"]
[Site "Chess.com"]
[Date "2019.06.04"]
[Round "1"]
[White "Taron_Shagbazyan"]
[Black "Jadeit90"]
[Result "1-0"]
[WhiteElo "2737"]
[BlackElo "2382"]
[TimeControl "180+2"]
[EndTime "13:05:28 PDT"]
[Termination "Taron_Shagbazyan won by resignation"]

1. d4 g6 2. c4 Bg7 3. g3 c5 4. d5 d6 5. Bg2 Nf6 6. Nc3 O-O 7. e4 e6 8. Nge2 exd5 9. exd5 Na6 10. O-O Nc7 11. Bf4 a6 12. a4 Rb8 13. a5 b5 14.
axb6 Rxb6 15. Qd2 Rb4 16. Ra4 Rxa4 17. Nxa4 Nh5 18. Bg5 Bf6 19. Bh6 Bg7 20. Bg5 Bf6 21. Be3 Bd7 22. Nac3 Qc8 23. Ne4 Be7 24. Nxc5 dxc5 25.
d6 Bf6 26. dxc7 Qxc7 27. Nc3 Be6 28. Nd5 Bxd5 29. cxd5 Qb6 30. Rc1 Bd4 31. Bxd4 cxd4 32. Bf3 Nf6 33. Rc6 Qd8 34. Qxd4 Nd7 35. Rxa6 Re8 36. h4 Ne5 37. Bg2 Qc8 38. Ra1 Qc2 39. d6 Qd3 40. d7 1-0

[Event "*** Titled Tuesday Blitz"]
[Site "Chess.com"]
[Date "2019.06.04"]
[Round "1"]
[White "TomsKantans"]
[Black "ZenBull"]
[Result "1-0"]
[WhiteElo "2538"]
[BlackElo "2103"]
[TimeControl "180+2"]
[EndTime "13:05:33 PDT"]
[Termination "TomsKantans won on time"]

1. e4 c5 2. Nf3 e6 3. d4 cxd4 4. Nxd4 Nc6 5. Nc3 Qc7 6. Be3 a6 7. Qf3 Bd6 8. O-O-O Be5 9. g3 Nge7 10. Qe2 Nxd4 11.
Bxd4 Bxd4 12. Rxd4 Nc6 13. Rd2 b5 14. Bg2 Bb7 15.
Rhd1 O-O-O 16. f4 Na5 17. e5 Nc4 18. Rd4 Nb6 19. a4 Bc6 20. axb5 axb5 21. Nxb5 Bxb5 22. Qxb5 Kb8 23. Rd6 1-0

[Event "*** Titled Tuesday Blitz"]
[Site "Chess.com"]
[Date "2019.06.04"]
[Round "1"]
[White "jamengrand"]
[Black "TST2014"]
[Result "0-1"]
[WhiteElo "2112"]
[BlackElo "2545"]
[TimeControl "180+2"]
[EndTime "13:05:37 PDT"]
[Termination "TST2014 won by resignation"]

1. e4 c5 2. Nf3 Nc6 3. d4 cxd4 4.
Nxd4 Nf6 5. Nc3 d6 6. Bg5 e6 7.
f3 a6 8. Qd2 Bd7 9. h4 h6 10.
Be3 h5 11. O-O-O Ne5 12. Kb1 b5 13. a3 Rb8 14. Be2 Be7 15. g3 Qa5 16. Nb3 Qc7 17. f4 Nc4 18. Bxc4 bxc4 19. Nd4 Qb7 20. Qc1 Nxe4 21. Nxe4 Qxe4 22. Rhe1 c3 23. b3 a5 24.
Ka2 a4 25. b4 Qd5+ 26. Ka1 Qc4 27. Rd3 e5 28. fxe5 dxe5 29. Ne2 Be6 30. Nxc3 e4 31. Rd4 Qxc3+ 0-1

[Event "*** Titled Tuesday Blitz"]
[Site "Chess.com"]
[Date "2019.06.04"]
[Round "1"]
[White "olksuna"]
[Black "Antipov_Mikhail_Al"]
[Result "1-0"]
[WhiteElo "2505"]
[BlackElo "2873"]
[TimeControl "180+2"]
[EndTime "13:05:39 PDT"]
[Termination "olksuna won by resignation"]

1. c4 Nf6 2. Nc3 g6 3. g3 Bg7 4. Bg2 O-O 5. Nf3 d6 6. d4 Nc6 7.
O-O h6 8. h3 a6 9. Re1 e5 10.
d5 Na5 11. Nd2 c5 12. dxc6 Nxc6 13. b3 Be6 14. Nde4 Qa5 15. Bd2 Nxe4 16. Nxe4 Qc7 17. Rc1 Rfd8 18. Nc3 Ne7 19. e4 Qd7 20. Kh2 Nc6 21. Be3 b5 22. Nd5 Rab8 23. cxb5 axb5 24. Rxc6 Bxd5 25. exd5 Ra8 26. Qc2 Ra3 27. Rc7 Qe8 28. Re2 Rda8 29. Qc6 Qf8 30. Qxb5 Rxa2 31. Rxa2 Rxa2 32.
Qc6 Kh7 33. b4 f5 34. Rc8 Qf6 35. Qe8 g5 36. Qg8+ Kg6 37. Re8 1-0

[Event "*** Titled Tuesday Blitz"]
[Site "Chess.com"]
[Date "2019.06.04"]
[Round "1"]
[White "chessking2151"]
[Black "HanSchut"]
[Result "1-0"]
[WhiteElo "2577"]
[BlackElo "2199"]
[TimeControl "180+2"]
[EndTime "13:05:41 PDT"]
[Termination "chessking2151 won by resignation"]

1. e4 c5 2. Nf3 d6 3. d4 cxd4 4.
Nxd4 Nf6 5. Nc3 a6 6. h3 e6 7. g4 d5 8. Nde2 Bb4 9. a3 Bxc3+ 10. Nxc3 d4 11. Ne2 Nc6 12. Bg2 e5 13. f4 O-O 14. f5 Nd7 15. O-O Qh4 16. Bd2 h5 17.
Rf3 hxg4 18. hxg4 Nf6 19. Rh3 Qxg4 20. Rg3 Qh4 21. Bg5 1-0

[Event "*** Titled Tuesday Blitz"]
[Site "Chess.com"]
[Date "2019.06.04"]
[Round "1"]
[White "SaraciNderim"]
[Black "DiogenesSinopeus"]
[Result "1-0"]
[WhiteElo "2878"]
[BlackElo "2457"]
[TimeControl "180+2"]
[EndTime "13:05:44 PDT"]
[Termination "SaraciNderim won by resignation"]

1. b3 e5 2. Bb2 Nc6 3. e3 d5 4. c4 Nf6 5. cxd5 Nxd5 6. Nc3 Nxc3 7. Bxc3 Be7 8. Bb5 f6 9. Nf3 O-O 10. O-O Bg4 11. h3 Bh5 12. Be2 e4 13. Nd4 Bxe2 14.
Qxe2 Ne5 15. Ne6 Qd3 16. Qxd3 Nxd3 17. Nxf8 Bxf8 18. f3 f5 19. fxe4 fxe4 20. Rf5 g6 21. Rf6 a5 22. Raf1 a4 23. bxa4 Bg7 24. Rf7 Bxc3 25.
dxc3 c5 26. Rxb7 Rxa4 27. Rff7 Rxa2 28. Rg7+ Kf8 29. Rxh7 Ra1+ 30. Kh2 Kg8 31. Rbg7+ Kf8 32. Ra7 1-0

[Event "*** Titled Tuesday Blitz"]
[Site "Chess.com"]
[Date "2019.06.04"]
[Round "1"]
[White "biostatistician"]
[Black "europa2012"]
[Result "1-0"]
[WhiteElo "2550"]
[BlackElo "2125"]
[TimeControl "180+2"]
[EndTime "13:05:44 PDT"]
[Termination "biostatistician won by resignation"]

1. d4 Nf6 2. Nf3 e6 3. c4 b6 4. Nc3 Bb7 5. Bg5 Bb4 6. Nd2 O-O 7. f3 d5 8. a3 Bxc3 9. bxc3 c5 10. e3 Nbd7 11. Be2 Re8 12. O-O Qc7 13. Bf4 Qd8 14.
Bg3 Nf8 15. a4 Ng6 16. a5 Bc6 17. Qb3 Nd7 18. Rfb1 Qe7 19. Qa3 Qg5 20. Nf1 f5 21. Qc1 Rf8 22. Bd6 Rf7 23. axb6 axb6 24. Rxa8+ Bxa8 25. Ra1 Bc6 26. Ra7 dxc4 27. Bxc4 Bxf3 28. g3 Bd5 29.
Bxd5 exd5 30. Ra8+ Ndf8 31. dxc5 bxc5 32. Bxc5 Ne5 33.
Qd1 Qg4 34. Qxd5 Nd7 35. Bxf8 Nxf8 36. Rxf8+ 1-0